 Dungeon Crawl Stone Soup version 0.29-a0-96-g93358da72b (webtiles) character file.

Game seed: 8660638240760051994

259 Sweetruy1997 the Slasher (level 5, -2/43 HPs)
             Began as a Demonspawn Chaos Knight on Feb 13, 2022.
             Was a Plaything of Xom.
             Slain by an iguana (8 damage)
             ... on level 3 of the Dungeon.
             The game lasted 00:14:42 (5229 turns).

Sweetruy1997 the Slasher (Demonspawn Chaos Knight)  Turns: 5229, Time: 00:14:43

Health: -2/43      AC:  7    Str: 13    XL:     5   Next: 94%
Magic:  7/7        EV: 11    Int: 19    God:    Xom [..*...]
Gold:   208        SH:  0    Dex: 14    Spells: 1/7 levels left

rFire   . . .      SeeInvis .   n - staff of poison
rCold   . . .      Faith    .   (no shield)
rNeg    . . .      Spirit   .   b - +2 leather armour
rPois   +          Reflect  .   (no helmet)
rElec   .          Harm     .   (no cloak)
rCorr   .          Rampage  .   (no gloves)
Will    .....                   k - +0 pair of boots
Stlth   ++........              (no amulet)
HPRegen 0.14/turn               i - +6 ring of intelligence
MPRegen 0.10/turn               (no ring)

@: no status effects
A: rugged brown scales 1, demonic magic 1
a: Renounce Religion


You were on level 3 of the Dungeon.
You worshipped Xom.
You were a toy of Xom.
You visited 1 branch of the dungeon, and saw 4 of its levels.
You also visited: Sewer.

You collected 208 gold pieces.

Inventory:

Hand Weapons
 a - a +0 falchion of chaos
Armour
 b - a +2 leather armour (worn)
 k - a +0 pair of boots (worn)
Magical Staves
 n - a staff of poison (weapon)
Jewellery
 i - a +6 ring of intelligence (left hand)
Scrolls
 e - a scroll of teleportation
 f - a scroll of brand weapon {unknown}
 m - a scroll of amnesia
 o - a scroll of identify {unknown}
Potions
 c - 2 potions of heal wounds {unknown}
 d - 4 potions of flight
 g - 2 potions of curing {unknown}
 h - 2 potions of attraction {unknown}
 j - 2 potions of resistance {unknown}
 l - 2 potions of invisibility {unknown}
 p - a potion of lignification {unknown}


   Skills:
 + Level 3.7 Fighting
 + Level 4.2 Long Blades
 - Level 2.0 Armour
 - Level 1.0 Dodging
 + Level 1.8 Stealth
 + Level 1.7 Spellcasting
 + Level 1.7 Summonings
 + Level 0.8 Necromancy


You had one spell level left.
You knew the following spells:

 Your Spells              Type           Power      Damage    Failure   Level
a - Summon Small Mammal   Summ           32%        N/A       11%         1
b - Animate Skeleton      Necr           8%         N/A       16%         1
c - Apportation           Tloc           2%         N/A       22%         1
d - Dazzling Flash        Conj/Hex       2%         N/A       54%         3

Your spell library contained the following spells:

 Spells                   Type           Power      Damage    Failure   Level
 Gell's Gravitas          Tloc           1%         N/A       54%         3
 Teleport Other           Tloc           1%         N/A       54%         3
 Iskenderun's Mystic Bla  Conj/Tloc      1%         2d3       91%         4
 Dispersal                Tloc           0%         N/A       100%        6
 Starburst                Conj/Fire      0%         6d3       100%        6


Dungeon Overview and Level Annotations

Branches:
Dungeon (4/15)              Sewer (visited)
 Temple: D:4-7

Altars:
Okawaru

Shops:
D:1 ([[


Innate Abilities, Weirdness & Mutations

You are partially covered in rugged brown scales. (AC +1, +3% HP)
Spells you cast may paralyse adjacent enemies.


Message History

Your bat hits the iguana but does no damage.
Your bat misses the iguana.
Your bat hits the iguana but does no damage.
The iguana misses your bat.
Your bat hits the iguana but does no damage.
You catch the helpless iguana completely off-guard!
You hit the iguana but do no damage.
The iguana is heavily wounded.
Your bat closely misses the iguana.
Your bat hits the iguana but does no damage. x2
The iguana bites your bat!
Your bat dies!
Your bat's corpse disappears in a puff of smoke!
The iguana hisses angrily.
You hit the iguana.
The iguana is severely wounded.
The iguana barely misses you.
You hit the iguana but do no damage.
The iguana is severely wounded.
The iguana bites you. The iguana misses you.
You hit the iguana.
The iguana is almost dead. "See what I see, my child!"
You detect items!
The iguana bites you.
Unknown command.
You hit the iguana but do no damage.
The iguana is almost dead. "This might be better!"
The iguana flickers and vanishes!
Deactivating autopickup; reactivate with Ctrl-A.
Something bites you.
* * * LOW HITPOINT WARNING * * *
There is a stone staircase leading up here.
Something bites you!
* * * LOW HITPOINT WARNING * * *
You climb upwards.
Reactivating autopickup.
There is a stone staircase leading down here.
Something bites you!
You die...

#.....# #.. #.....# #.. #.....#
#.. ######.....#### ##.. ##
#.............# #...
.########.............########...
.......##........................
######.###########+##.#########..
................@{...........>'..
.....#.###########..####.######..
##.#<#.###########..####.########
#.........)...................#
#........................#######
#........................#..##..
#........................#..#.##
#........................#.#.#.(
#........................#.....#


There were no monsters in sight!

Vanquished Creatures
  A jelly (D:3)
  An iguana (D:3)
  A merfolk siren (Sewer)
  A hound skeleton (D:4)
  2 adders (D:2)
  2 river rats
  3 worms
  A dart slug (D:1)
  An orc (D:3)
  15 ball pythons
  5 endoplasms
  6 giant cockroaches
  6 goblins
  5 hobgoblins (D:1)
  7 quokkas
  4 bats
  6 frilled lizards
  7 kobolds
  29 rats
103 creatures vanquished.

Vanquished Creatures (collateral kills)
  A merfolk avatar (Sewer)
  A giant cockroach (D:3)
  A ball python (D:2)
  3 rats
6 creatures vanquished.

Grand Total: 109 creatures vanquished

Notes
Turn   | Place    | Note
-------+----------+-------------------------------------------
     0 | D:1      | Sweetruy1997 the Demonspawn Chaos Knight began the quest
                  | for the Orb.
     0 | D:1      | Reached XP level 1. HP: 18/18 MP: 1/1
   142 | D:1      | Found Perataro's Armour Emporium.
   154 | D:1      | Found Fujigoph's Armour Boutique.
   173 | D:1      | XOM: silly message
   180 | D:1      | Gained mutation: Spells you cast may paralyse adjacent
                  | enemies. [demonic ancestry]
   180 | D:1      | Reached XP level 2. HP: 24/24 MP: 2/2
   343 | D:1      | Reached skill level 3 in Long Blades
   715 | D:1      | Reached skill level 1 in Dodging
   863 | D:1      | Reached XP level 3. HP: 29/29 MP: 3/3
   878 | D:1      | XOM: torment (16/29 hp)
  1040 | D:1      | Found Xudawo's Antique Weapon Shop.
  1626 | D:2      | XOM: 2-stop teleportation journey
  1634 | D:2      | XOM: smoke on damage
  1756 | D:2      | XOM: torment (9/29 hp)
  2037 | D:2      | Learned a level 1 spell: Summon Small Mammal
  2055 | D:2      | Learned a level 1 spell: Animate Skeleton
  2080 | D:2      | XOM: 3-stop teleportation journey
  2321 | D:2      | XOM: 1-stop teleportation journey
  2507 | D:2      | Reached XP level 4. HP: 32/35 MP: 1/4
  2604 | D:2      | XOM: cloud trail
  3078 | D:3      | Found an iron altar of Okawaru.
  3128 | D:3      | XOM: 1-stop teleportation journey
  3167 | D:3      | XOM: 1-stop teleportation journey
  3176 | D:3      | Reached skill level 1 in Spellcasting
  3268 | D:3      | Learned a level 1 spell: Apportation
  3314 | D:3      | Reached skill level 1 in Stealth
  3314 | D:3      | Reached skill level 1 in Summonings
  3314 | D:3      | Gained mutation: You are partially covered in rugged brown
                  | scales. (AC +1, +3% HP) [demonic ancestry]
  3314 | D:3      | Reached XP level 5. HP: 36/42 MP: 6/6
  3456 | D:3      | Reached skill level 4 in Long Blades
  3491 | D:3      | Found a glowing drain.
  3506 | Sewer    | Entered a sewer
  4199 | Sewer    | XOM: scenery: summon butterflies
  4204 | Sewer    | XOM: polymorph bat -> river rat
  4303 | Sewer    | XOM: cast spell 'Summon Mana Viper'
  4363 | Sewer    | Learned a level 3 spell: Dazzling Flash
  4445 | Sewer    | XOM: scenery: create altars
  4452 | Sewer    | XOM: scenery: create altars
  4702 | D:3      | XOM: cloud trail
  4837 | D:3      | Found a faded altar of an unknown god.
  5208 | D:4      | XOM: divination: detect items
  5209 | D:4      | XOM: enchant monster (bad)
  5229 | D:3      | Slain by an iguana

Illustrated notes

Levels and vault maps discovered:
D:1:      heliophobic_arrival_dark_side_of_the_moon, layout_loops_ring,
          serial_shops, shop, shop, nicolae_shop_hallway_stairs,
          minmay_misc_feat_roman
D:2:      layout_loops_corners
D:3:      layout_basic, mainiacjoe_overflow_paths,
          shapermc_ecumenical_altar_totnotflames, portal_sewer_entry_e,
          st_stairs_6, minmay_misc_feat_rugged, due_unseen_surprise
D:4:      layout_loops_ring, minmay_crystal_water, uniq_robin

Skill      XL: |  1  2  3  4  5 |
---------------+----------------+-----
Long Blades    | 3 4 |  4.2
Armour         | 2 |  2.0
Dodging        | 1 |  1.0
Spellcasting   | 1 |  1.7
Stealth        | 1 |  1.8
Summonings     | 1 |  1.7
Fighting       | |  3.7
Necromancy     | |  0.8

Action                   |  1- 3 |  4- 6 || total
-------------------------+-------+-------++-------
Melee: Falchion          |   128 |   152 ||   280
       Punch             |     4 |     1 ||     5
       Staff             |       |    44 ||    44
 Cast: Summon Small Mamm |     7 |    32 ||    39
       Animate Skeleton  |       |     8 ||     8
  Use: Scroll            |       |     5 ||     5
 Stab: Paralysed         |     4 |    15 ||    19
       Sleeping          |     1 |     3 ||     4
       Distracted        |       |     2 ||     2
       Petrifying        |       |     2 ||     2
Armor: Leather armour    |    56 |   103 ||   159
Dodge: Dodged            |    72 |   127 ||   199

Table legend: (Time is in decaauts)
 A = Elapsed time spent in this place.
 B = Non-inter-level travel time spent in this place.
 C = Inter-level travel time spent in this place.
 D = Time resting spent in this place.
 E = Time spent auto-exploring this place.
 F = Levels seen in this place.
 G = Mean time per level.
                   A        B        C        D        E       F      G
               +--------+--------+--------+--------+--------+-----+--------+
         Total |   5331 |   5148 |    183 |    795 |   3341 |   5 | 1066.2 |
       Dungeon |   4279 |   4096 |    183 |    544 |   2843 |   4 | 1069.8 |
         Sewer |   1051 |   1051 |      0 |    251 |    497 |   1 | 1051.0 |
               +--------+--------+--------+--------+--------+-----+--------+

Top non-repeatable levels by time:
     D:2: 1565 daAuts
     D:1: 1472 daAuts
     D:3: 1196 daAuts
   Sewer: 1051 daAuts
     D:4: 45 daAuts
